[Event "Tuesday 24 April Rapid Engine Tour 12+1 Rounds 9 Starts 1600ST"]
[Site "Infinity Chess"]
[Date "2018.4.24"]
[Round "7"]
[White "hafaba"]
[Black "stormbreaker990"]
[Result "1/2-1/2"]
[ECO "B53"]
[WhiteElo "2436"]
[BlackElo "2453"]
[WhiteEngine "Eman 1.70-beta21 64-bit POPCNT_CTG"]
[BlackEngine "Cryptic Heroes 9.4B"]
[EventType "Swiss"]
[WhiteTeam ""]
[BlackTeam ""]
[PlyCount "135"]
[TimeControl "720+1"]

1. e4 c5 2. Nf3 d6 3. d4 Nf6 4. Nc3 cxd4 5. Nxd4 Nc6 6. Bg5 e6 7. Qd2 Be7 
8. O-O-O O-O 9. f4 Nxd4 10. Qxd4 h6 11. Bh4 Qa5 12. Bc4 e5 13. fxe5 dxe5 
14. Qd3 Bg4 15. Rdf1 Rac8 16. Bxf6 Bxf6 17. Kb1 Be7 18. Bb3 Qc5 19. Qg3 Be6 
20. Rd1 b5 21. Nd5 a5 22. Qxe5 Kh8 23. c3 a4 24. Bc2 a3 25. Qd4 axb2 
26. Qxc5 Bxc5 27. Kxb2 Bd6 28. Rd3 Be5 29. Bb3 Rc5 30. Rf1 Rb8 31. a3 h5 
32. h4 Kg8 33. Rf2 Re8 34. Bd1 Rc4 35. Bxh5 Rxe4 36. Re2 Rxe2+ 37. Bxe2 Bxd5 
38. Rxd5 Bxc3+ 39. Kxc3 Rxe2 40. Rg5 Ra2 41. Kb3 Re2 42. g4 Rh2 43. Rxb5 Rh3+ 
44. Ka4 Rxh4 45. Rb4 Rh3 46. Rb8+ Kh7 47. Rb3 Rh4 48. Kb5 Rxg4 49. a4 Rg1 
50. a5 Rg5+ 51. Kb6 Rg6+ 52. Kb5 Rg5+ 53. Ka4 Re5 54. Rb5 Re4+ 55. Ka3 Re7 
56. a6 Re3+ 57. Kb2 Re6 58. Rh5+ Kg6 59. Ra5 Re8 60. Kc3 Rh8 61. Kc4 f5 
62. a7 Ra8 63. Kd5 f4 64. Ke4 f3 65. Kxf3 Kf6 66. Ke4 Re8+ 67. Kd4 Ra8 68. Kc5 
1/2-1/2

[Event "Tuesday 24 April Rapid Engine Tour 12+1 Rounds 9 Starts 1600ST"]
[Site "Infinity Chess"]
[Date "2018.4.24"]
[Round "7"]
[White "Vimtiroba"]
[Black "Eman"]
[Result "1/2-1/2"]
[ECO "D45"]
[WhiteElo "2425"]
[BlackElo "2441"]
[WhiteEngine "AsmFish A10_CTG"]
[BlackEngine "Eman 1.70-beta25 64-bit POPCNT"]
[EventType "Swiss"]
[WhiteTeam ""]
[BlackTeam ""]
[PlyCount "119"]
[TimeControl "720+1"]

1. d4 d5 2. c4 e6 3. Nc3 Nf6 4. Nf3 c6 5. e3 Nbd7 6. a4 Bb4 7. Qc2 O-O 8. Bd3 b6 
9. cxd5 exd5 10. O-O Bb7 11. Ne5 c5 12. Na2 Ba5 13. Rd1 Nxe5 14. dxe5 Ng4 
15. Bxh7+ Kh8 16. Bf5 Qh4 17. h3 Nxe5 18. b4 cxb4 19. Bb2 Rae8 20. Nc1 d4 
21. Rxd4 Qg5 22. Bg4 Rc8 23. Qf5 Qxf5 24. Bxf5 Rc4 25. Nb3 Rxd4 26. Bxd4 Nc6 
27. Bb2 Ne7 28. Bc2 Rc8 29. Nd4 Bd5 30. Rd1 Bc4 31. Bb3 Nd5 32. Rc1 Nc3 
33. Bxc4 Rxc4 34. Kf1 Kh7 35. Nb3 a6 36. g3 f6 37. f3 g5 38. e4 Kg6 39. Kf2 f5 
40. exf5+ Kxf5 41. Ke3 Rc7 42. Bxc3 bxc3 43. Nxa5 bxa5 44. Rc2 Ke5 45. Kd3 Rf7 
46. Rxc3 Rxf3+ 47. Kc2 Ke4 48. Rc4+ Ke3 49. h4 gxh4 50. gxh4 Rf5 51. Rc7 Rh5 
52. Kb3 Rxh4 53. Rc3+ Kd2 54. Rc5 Rh3+ 55. Kb2 Rh1 56. Rd5+ Ke3 57. Rxa5 Rh6 
58. Ka3 Kf3 59. Kb3 Rg6 60. Rc5 1/2-1/2

[Event "Tuesday 24 April Rapid Engine Tour 12+1 Rounds 9 Starts 1600ST"]
[Site "Infinity Chess"]
[Date "2018.4.24"]
[Round "7"]
[White "ocirema"]
[Black "Time_bandit"]
[Result "1/2-1/2"]
[ECO "C55"]
[WhiteElo "2440"]
[BlackElo "2469"]
[WhiteEngine "Eman 1.70-beta21 64-bit POPCNT_CTG"]
[BlackEngine "asmFishW_2018-04-11_bmi2"]
[EventType "Swiss"]
[WhiteTeam ""]
[BlackTeam ""]
[PlyCount "106"]
[TimeControl "720+1"]

1. e4 e5 2. Nf3 Nc6 3. Bc4 Nf6 4. d3 Bc5 5. c3 d6 6. O-O a5 7. Re1 O-O 
8. Nbd2 h6 9. Nf1 a4 10. h3 Ra5 11. Ng3 Bb6 12. Rb1 Be6 13. Bxe6 fxe6 
14. Be3 Bxe3 15. Rxe3 Qe8 16. Qe2 Qg6 17. Rf1 Qf7 18. Qc2 Qg6 19. Rc1 Nd7 
20. Rf1 Rf7 21. d4 Nb6 22. Qe2 exd4 23. cxd4 Ra8 24. Rd1 Re8 25. b3 Ra8 
26. Qe1 axb3 27. axb3 Re8 28. Rc1 Qf6 29. Qc3 d5 30. e5 Qe7 31. Ne2 Ra8 
32. g3 Nc8 33. Kg2 Qf8 34. Ra1 Rxa1 35. Qxa1 Nb4 36. Qg1 Ne7 37. Nf4 Rxf4 
38. gxf4 Qxf4 39. Qc1 Nbc6 40. Rc3 Qf7 41. b4 Qg6+ 42. Kh2 Qe4 43. Qe3 Qb1 
44. Rb3 Qa2 45. Kg2 Ng6 46. Ra3 Qb1 47. Rb3 Nf4+ 48. Kh2 Qf1 49. Qxf4 Qxf2+ 
50. Kh1 Qf1+ 51. Kh2 Qf2+ 52. Kh1 Qf1+ 53. Kh2 Qf2+ 1/2-1/2

[Event "Tuesday 24 April Rapid Engine Tour 12+1 Rounds 9 Starts 1600ST"]
[Site "Infinity Chess"]
[Date "2018.4.24"]
[Round "7"]
[White "Thinker"]
[Black "MarioDeMonti"]
[Result "1/2-1/2"]
[ECO "C50"]
[WhiteElo "2484"]
[BlackElo "2450"]
[WhiteEngine "BrainFish_180418_x64_modern_CTG"]
[BlackEngine "stockfish_x64_bmi2_2018_02_18_CTG"]
[EventType "Swiss"]
[WhiteTeam ""]
[BlackTeam ""]
[PlyCount "104"]
[TimeControl "720+1"]

1. e4 e5 2. Nf3 Nc6 3. Bc4 Bc5 4. d3 Nf6 5. c3 d6 6. O-O O-O 7. h3 a5 8. Nbd2 h6 
9. Re1 Be6 10. b3 Bb6 11. a4 d5 12. Bb5 Ne7 13. exd5 Nfxd5 14. Qc2 c6 
15. Bc4 Ng6 16. d4 Ndf4 17. dxe5 Nh4 18. Bf1 Bd5 19. Re4 Nfg6 20. Bc4 Bxe4 
21. Qxe4 Re8 22. g3 Nxf3+ 23. Nxf3 Ne7 24. Bd2 Nd5 25. Bd3 Nf6 26. Qf5 Re6 
27. Bc2 g6 28. Qf4 Nh5 29. Qg4 Rxe5 30. Bxg6 fxg6 31. Qxg6+ Ng7 32. Bxh6 Re7 
33. Ng5 Bxf2+ 34. Kf1 Qd5 35. Qh7+ Kf8 36. Kxf2 Ke8 37. Bxg7 Qxg5 38. Qg8+ Kd7 
39. Qxa8 Qd2+ 40. Kg1 Qe3+ 41. Kg2 Qd2+ 42. Kh1 Re1+ 43. Rxe1 Qxe1+ 44. Kg2 Qe2+ 
45. Kh1 Qe1+ 46. Kg2 Qe2+ 47. Kh1 Qe4+ 48. Kg1 Qe1+ 49. Kh2 Qd2+ 50. Kg1 Qe1+ 
51. Kh2 Qe2+ 52. Kg1 Qe1+ 1/2-1/2

[Event "Tuesday 24 April Rapid Engine Tour 12+1 Rounds 9 Starts 1600ST"]
[Site "Infinity Chess"]
[Date "2018.4.24"]
[Round "7"]
[White "Longin"]
[Black "CrapCleaner"]
[Result "1-0"]
[ECO "C55"]
[WhiteElo "2485"]
[BlackElo "2457"]
[WhiteEngine "Raubfisch ME262_GTZ17b1_CTG"]
[BlackEngine "Raubfisch ME262_GTZ17b1_CTG"]
[EventType "Swiss"]
[WhiteTeam ""]
[BlackTeam ""]
[PlyCount "114"]
[TimeControl "720+1"]

1. e4 e5 2. Nf3 Nc6 3. Bc4 Nf6 4. d3 Bc5 5. O-O d6 6. c3 O-O 7. Re1 a5 
8. Nbd2 h6 9. Nf1 a4 10. h3 Ra5 11. Bd2 Bb6 12. Ng3 Be6 13. Bxe6 fxe6 
14. Be3 Bxe3 15. Rxe3 Nh7 16. Qe2 Ra8 17. d4 Ng5 18. Nxg5 Qxg5 19. Nh5 Qh4 
20. Rg3 g5 21. Rd3 a3 22. b3 exd4 23. cxd4 Rf7 24. Rf1 Raf8 25. Ng3 d5 
26. Re3 Ne7 27. b4 c6 28. Nh5 Ng6 29. Rxa3 Kh7 30. exd5 exd5 31. Rd3 Nf4 
32. Nxf4 gxf4 33. Rf3 Rg8 34. Kh1 Re7 35. Qc2+ Kh8 36. Rg1 Qg5 37. Qd1 Qf5 
38. a4 Qf6 39. b5 cxb5 40. a5 Rge8 41. Qd3 Rg8 42. Qd2 Re4 43. Rd3 Rge8 
44. Qb4 Qa6 45. Rc3 Rg8 46. Qb3 Qxa5 47. Qxd5 Re7 48. Qc5 Qd8 49. d5 Re5 
50. Rd3 Rg7 51. Qxb5 f3 52. Rxf3 Qxd5 53. Qb6 Qc6 54. Qd8+ Re8 55. Qd4 Qe4 
56. Qxe4 Rxe4 57. Rb1 Kg8 1-0

[Event "Tuesday 24 April Rapid Engine Tour 12+1 Rounds 9 Starts 1600ST"]
[Site "Infinity Chess"]
[Date "2018.4.24"]
[Round "7"]
[White "draxlord"]
[Black "Murx"]
[Result "0-1"]
[ECO "C26"]
[WhiteElo "2460"]
[BlackElo "2508"]
[WhiteEngine "Cryptic Heroes 9.4B"]
[BlackEngine "asmFishW_2018-04-07_popcnt"]
[EventType "Swiss"]
[WhiteTeam ""]
[BlackTeam ""]
[PlyCount "148"]
[TimeControl "720+1"]

1. e4 e5 2. Nc3 Nf6 3. Nf3 Nc6 4. h3 Bb4 5. Bc4 Nxe4 6. Nxe4 d5 7. Bd3 f5 
8. Nc3 e4 9. a3 Bd6 10. O-O O-O 11. Be2 d4 12. Nb5 exf3 13. Bxf3 Be7 14. c3 d3 
15. Bxc6 bxc6 16. Qf3 Bb7 17. Nd4 Rf6 18. b4 Rb8 19. Qxd3 c5 20. bxc5 Qd5 
21. f3 Bxc5 22. Qe3 f4 23. Qf2 Ba6 24. Re1 Bd3 25. a4 Qd6 26. Ra2 g5 27. Rb2 Rd8 
28. Rb5 Kf7 29. h4 Bxb5 30. axb5 Bxd4 31. cxd4 Re6 32. Bb2 Rxe1+ 33. Qxe1 Re8 
34. Qb1 Qg6 35. Qf1 Qe6 36. d5 Qb6+ 37. d4 Qa5 38. Kh2 Qe1 39. Qxe1 Rxe1 
40. Ba3 Rb1 41. Bc5 Rxb5 42. Bxa7 Rxd5 43. Bb8 c6 44. Ba7 gxh4 45. Kh3 Ra5 
46. Bb6 Rb5 47. Bc5 Ke6 48. Ba3 Kd5 49. Kg4 Kxd4 50. Bf8 c5 51. Bg7+ Kd3 
52. Bf8 c4 53. Kxh4 Rb3 54. Kg5 c3 55. Bd6 c2 56. Bxf4 Rb1 57. g3 c1=Q 
58. Bxc1 Rxc1 59. Kf5 Rc8 60. Ke5 h5 61. f4 Rc5+ 62. Ke6 Ke4 63. Kd6 Ra5 
64. Ke7 Kf5 65. Kd6 Ra3 66. g4+ hxg4 67. Kc5 g3 68. Kb4 Ra7 69. Kc5 g2 
70. Kb6 g1=Q+ 71. Kc6 Ra6+ 72. Kb5 Rb6+ 73. Ka5 Rb1 74. Ka4 Qa7# 0-1

[Event "Tuesday 24 April Rapid Engine Tour 12+1 Rounds 9 Starts 1600ST"]
[Site "Infinity Chess"]
[Date "2018.4.24"]
[Round "7"]
[White "star99"]
[Black "quicksilver"]
[Result "1/2-1/2"]
[ECO "B23"]
[WhiteElo "2489"]
[BlackElo "2549"]
[WhiteEngine "Cryptic Heroes 9.4B"]
[BlackEngine "Cryptic Heroes 9.4B"]
[EventType "Swiss"]
[WhiteTeam ""]
[BlackTeam ""]
[PlyCount "83"]
[TimeControl "720+1"]

1. e4 c5 2. Nc3 Nc6 3. Nge2 Nf6 4. d4 cxd4 5. Nxd4 e5 6. Ndb5 d6 7. Bg5 a6 
8. Na3 b5 9. Bxf6 gxf6 10. Nd5 f5 11. Bd3 Be6 12. O-O Bxd5 13. exd5 Ne7 
14. c3 Bg7 15. Nc2 O-O 16. Qh5 e4 17. Be2 Kh8 18. a4 bxa4 19. Rxa4 Rb8 
20. Ra2 a5 21. Ne3 f4 22. Nf5 Ng6 23. g3 Re8 24. Rfa1 Qf6 25. Bg4 Ne5 
26. Bd1 Nd3 27. Rxa5 Rxb2 28. Ra8 Rbb8 29. Rxb8 Rxb8 30. Be2 Qxc3 31. Rf1 f3 
32. Bxd3 Qxd3 33. Ne3 Qe2 34. Qxf7 Bd4 35. Qc7 Re8 36. Qd7 Rg8 37. Qf5 Bxe3 
38. Qf6+ Rg7 39. Qd8+ Rg8 40. Qf6+ Rg7 41. Qd8+ Rg8 42. Qf6+ 1/2-1/2

[Event "Tuesday 24 April Rapid Engine Tour 12+1 Rounds 9 Starts 1600ST"]
[Site "Infinity Chess"]
[Date "2018.4.24"]
[Round "7"]
[White "ironchess"]
[Black "Susanne"]
[Result "1/2-1/2"]
[ECO "B32"]
[WhiteElo "2542"]
[BlackElo "2546"]
[WhiteEngine "Cryptic Heroes 9.4B"]
[BlackEngine "asmFishW_IX_bmi2_CTG"]
[EventType "Swiss"]
[WhiteTeam ""]
[BlackTeam ""]
[PlyCount "109"]
[TimeControl "720+1"]

1. e4 c5 2. Nf3 Nc6 3. d4 cxd4 4. Nxd4 e5 5. Nf3 Nf6 6. Bd3 Bc5 7. c4 d6 
8. h3 Bb4+ 9. Bd2 Nh5 10. g3 O-O 11. Nc3 Nf6 12. a3 Bxc3 13. Bxc3 Be6 
14. Ng5 Bc8 15. Kf1 Nd7 16. f4 Nc5 17. Bc2 Ne6 18. Nxe6 fxe6 19. Qg4 Nd4 
20. Bd3 Rf7 21. Rh2 Nb3 22. Rd1 Bd7 23. Rf2 Qb6 24. Bc2 Raf8 25. Kg2 Nd4 
26. Bxd4 exd4 27. Bd3 e5 28. f5 Ba4 29. Rdf1 Qd8 30. Kg1 Kh8 31. Qe2 Bb3 
32. Qd2 a5 33. g4 b6 34. g5 Rc7 35. f6 g6 36. h4 Qd7 37. Qe2 Qf7 38. h5 gxh5 
39. Rh2 h4 40. Rxh4 Rg8 41. Rf5 Bxc4 42. Bxc4 Rxc4 43. Rh6 Rc5 44. Kh2 Rc1 
45. a4 Rcc8 46. Kh3 Rg6 47. Rxg6 Qxg6 48. Kg4 h6 49. Qa6 Rc1 50. Qa8+ Kh7 
51. Qb7+ Kh8 52. Qb8+ Kh7 53. Qb7+ Kh8 54. Qb8+ Kh7 55. Qb7+ 1/2-1/2

[Event "Tuesday 24 April Rapid Engine Tour 12+1 Rounds 9 Starts 1600ST"]
[Site "Infinity Chess"]
[Date "2018.4.24"]
[Round "7"]
[White "Deep_Impact"]
[Black "mcstar"]
[Result "1/2-1/2"]
[ECO "C42"]
[WhiteElo "2457"]
[BlackElo "2602"]
[WhiteEngine "BrainFish_180411_x64_bmi2"]
[BlackEngine "Cryptic Heroes 9.4B"]
[EventType "Swiss"]
[WhiteTeam ""]
[BlackTeam ""]
[PlyCount "111"]
[TimeControl "720+1"]

1. e4 e5 2. Nf3 Nf6 3. Nxe5 d6 4. Nf3 Nxe4 5. d4 d5 6. Bd3 Nc6 7. O-O Be7 
8. c4 Nf6 9. Nc3 dxc4 10. Bxc4 O-O 11. h3 h6 12. Be3 Bf5 13. Ne5 Nxe5 
14. dxe5 Nd7 15. f4 Nb6 16. Bb3 Qxd1 17. Rfxd1 Be6 18. Kf2 c6 19. g4 Nc4 
20. Bxc4 Bxc4 21. b3 Ba6 22. Rd7 Rfe8 23. Rad1 b6 24. Rc7 Kf8 25. Rdd7 Bc8 
26. Rd2 Bh4+ 27. Kg1 Be1 28. Rd3 Bxc3 29. Rxc3 c5 30. Kf2 Rd8 31. f5 Rd7 
32. Rxd7 Bxd7 33. Rd3 Ke8 34. Bd2 Rc8 35. Re3 c4 36. Kf3 cxb3 37. axb3 Rc5 
38. Bb4 Rd5 39. Bd6 g6 40. fxg6 fxg6 41. Kf2 Be6 42. Rc3 Rd2+ 43. Ke3 Rh2 
44. Kd4 a5 45. Rf3 h5 46. Rf6 Kd7 47. Rxg6 Rxh3 48. Rg7+ Kc6 49. Rg6 Bxb3 
50. Bc5+ Kd7 51. Rxb6 hxg4 52. Rd6+ Ke8 53. Rg6 Kd7 54. Rd6+ Ke8 55. Rg6 Kd7 
56. Rd6+ 1/2-1/2

[Event "Tuesday 24 April Rapid Engine Tour 12+1 Rounds 9 Starts 1600ST"]
[Site "Infinity Chess"]
[Date "2018.4.24"]
[Round "6"]
[White "coreoptimist"]
[Black "KQRBNP"]
[Result "1-0"]
[ECO "D37"]
[WhiteElo "2022"]
[BlackElo "2352"]
[WhiteEngine "asmFishW_2018-04-11_bmi2_CTG"]
[BlackEngine "Eman 1.70-beta25 64-bit POPCNT"]
[EventType "Swiss"]
[WhiteTeam ""]
[BlackTeam ""]
[PlyCount "199"]
[TimeControl "720+1"]

1. d4 d5 2. c4 e6 3. Nc3 Nf6 4. Nf3 a6 5. cxd5 exd5 6. Bg5 Be7 7. e3 h6 
8. Bf4 Bf5 9. Qb3 Ra7 10. Ne5 Nbd7 11. Bd3 Bxd3 12. Nxd3 c6 13. O-O O-O 
14. Rad1 a5 15. Bg3 Nh5 16. Be5 Re8 17. h3 Nhf6 18. Bg3 Nf8 19. f3 Nh5 
20. Bf2 Ne6 21. Qc2 Ra8 22. Rfe1 Nf6 23. Qb3 Rb8 24. Ne5 Bd6 25. Bh4 Be7 
26. Bg3 Nh5 27. Bf2 Bh4 28. Qc2 Bxf2+ 29. Qxf2 Nf6 30. Nd3 Ra8 31. Ne2 Nc7 
32. Nc3 Ne6 33. Ne2 Nc7 34. Rd2 Ne6 35. Ng3 g6 36. Ne2 Kg7 37. Nc3 Qd6 
38. Ne5 h5 39. f4 Nf8 40. Rf1 N8d7 41. Qh4 Rad8 42. Rdf2 Rf8 43. Nxd7 Rxd7 
44. f5 Rdd8 45. Rf3 b6 46. Ne2 Rde8 47. a3 Ne4 48. f6+ Kh6 49. Rf5 Re6 
50. Nf4 Rxf6 51. Nxh5 Rxf5 52. Rxf5 Rh8 53. Nf4+ Kg7 54. Rxf7+ Kg8 55. Qe7 Qxe7 
56. Rxe7 g5 57. Re8+ Kh7 58. Rxh8+ Kxh8 59. Ng6+ Kh7 60. Ne7 Nd6 61. Nxc6 Nc4 
62. Ne7 Nxb2 63. Nxd5 b5 64. Nc3 b4 65. axb4 axb4 66. Na2 Nd3 67. Kf1 b3 
68. Nc3 Nb4 69. Ke2 b2 70. Nb1 Nd5 71. Kd3 Nb4+ 72. Kd2 Nd5 73. g3 Kg7 
74. Kd3 Kf6 75. e4 Nc7 76. Kc2 Ne6 77. d5 Nd8 78. Nd2 Ke5 79. Kxb2 Kd4 80. h4 g4 
81. h5 Nf7 82. Kc2 Kc5 83. Kc3 Nh6 84. Nb3+ Kb5 85. Kd4 Ka6 86. Nd2 Kb5 
87. d6 Kb6 88. Kd5 Ng8 89. e5 Kb5 90. e6 Kb4 91. e7 Nf6+ 92. Kd4 Kb5 93. Ne4 Ne8 
94. d7 Nc7 95. e8=Q Kb4 96. d8=Q Nb5+ 97. Kd3 Na3 98. Qb6+ Nb5 99. Qexb5+ Ka3 
100. Qb3# 1-0

[Event "Tuesday 24 April Rapid Engine Tour 12+1 Rounds 9 Starts 1600ST"]
[Site "Infinity Chess"]
[Date "2018.4.24"]
[Round "6"]
[White "angriff"]
[Black "SkyPilot"]
[Result "1/2-1/2"]
[ECO "C55"]
[WhiteElo "2392"]
[BlackElo "2440"]
[WhiteEngine "DracoREX 3.07 64BIT POPCNT_CTG"]
[BlackEngine "stockfish_x64_bmi2_2018_04_07_CTG"]
[EventType "Swiss"]
[WhiteTeam ""]
[BlackTeam ""]
[PlyCount "88"]
[TimeControl "720+1"]

1. e4 e5 2. Nf3 Nc6 3. Bc4 Nf6 4. d3 Bc5 5. O-O d6 6. c3 O-O 7. Re1 Bb6 8. h3 h6 
9. Nbd2 a5 10. a4 Be6 11. b3 d5 12. Bb5 Ne7 13. exd5 Nfxd5 14. Qc2 c6 
15. Bc4 Ng6 16. d4 Ndf4 17. dxe5 Nh4 18. Bf1 Bd5 19. Re4 Nfg6 20. Bc4 Re8 
21. g3 Qc8 22. Bxd5 Nxf3+ 23. Nxf3 cxd5 24. Rg4 Qc6 25. Nd4 Bxd4 26. Rxd4 Nxe5 
27. Kg2 Rac8 28. Be3 b5 29. axb5 Qxb5 30. Rad1 Rcd8 31. Ra4 Qb7 32. Bd4 Nc6 
33. Ra3 Qe7 34. Raa1 Qb7 35. b4 axb4 36. cxb4 Nxb4 37. Qb2 Rb8 38. Bxg7 d4+ 
39. Kg1 Kxg7 40. Rxd4 Kh7 41. Qb1+ Kh8 42. Qb2 Kh7 43. Qb1+ Kh8 44. Qb2 Kh7 
1/2-1/2

[Event "Tuesday 24 April Rapid Engine Tour 12+1 Rounds 9 Starts 1600ST"]
[Site "Infinity Chess"]
[Date "2018.4.24"]
[Round "6"]
[White "NINJA_JENGKA"]
[Black "draxlord"]
[Result "0-1"]
[ECO "A05"]
[WhiteElo "2380"]
[BlackElo "2397"]
[WhiteEngine "Houdini 6"]
[BlackEngine "Cryptic Heroes 9.4B"]
[EventType "Swiss"]
[WhiteTeam ""]
[BlackTeam ""]
[PlyCount "262"]
[TimeControl "720+1"]

1. Nf3 Nf6 2. d4 d5 3. e3 Bf5 4. Bd3 Bxd3 5. Qxd3 Nbd7 6. b3 e6 7. O-O Be7 
8. c4 O-O 9. Bb2 Ne4 10. Nc3 Nxc3 11. Bxc3 c6 12. Qc2 a5 13. Rfc1 Qc7 
14. Rab1 Rfc8 15. a4 b6 16. Qe2 Qb7 17. Rd1 Rc7 18. Ne1 b5 19. axb5 cxb5 
20. c5 b4 21. Bb2 e5 22. Ra1 e4 23. f4 f5 24. h3 g6 25. Bc1 Bd8 26. Bd2 h5 
27. Ra4 Nb8 28. Nc2 Nc6 29. Kh1 h4 30. Be1 Rh7 31. Ra2 Rc8 32. Bf2 Ra8 
33. Raa1 Bf6 34. Ra4 Bd8 35. Rda1 Rc8 36. Bg1 Rb8 37. Qe1 Kf7 38. Bh2 Ra8 
39. Qd2 Bf6 40. Bg1 Be7 41. Rd1 Bd8 42. Ra2 Rb8 43. Qf2 Bf6 44. Rf1 Ra8 
45. Ra4 Kg8 46. Qe1 Rb8 47. Qb1 Kf7 48. Rf2 Ra8 49. Qf1 Rb8 50. Bh2 Rg8 
51. Qd1 Rc8 52. Re2 Qb5 53. Rd2 Kg8 54. Ra2 Ra7 55. Ra4 Kg7 56. Kg1 Rcc7 
57. Qe1 Ra8 58. Kh1 Rh8 59. Bg1 Ra8 60. Bf2 Rh8 61. Qg1 Kg8 62. Be1 Ra7 
63. Bf2 Rhh7 64. Qe1 Kf7 65. Bg1 Kg7 66. Qd1 Rh8 67. Ne1 Kf8 68. Qa1 Rg7 
69. Rda2 Bd8 70. Rf2 Bc7 71. Bh2 Ke7 72. Qd1 Qb8 73. Bg1 g5 74. fxg5 Rxg5 
75. Qe2 Rh6 76. Qd1 Kf7 77. Nc2 Ne7 78. Ra2 Kg8 79. Qa1 Rhg6 80. Qd1 Kf7 
81. Ra1 Kg8 82. Ra2 Rf6 83. Ra1 Rg7 84. Qh5 f4 85. Bh2 f3 86. Bxc7 Qxc7 
87. Qe5 Qc6 88. Rxa5 Rf5 89. Qd6 Qc8 90. Ne1 Nc6 91. Raa2 Kh7 92. gxf3 Rf6 
93. Ra8 Qf5 94. Qf4 Qe6 95. Re8 Qxh3+ 96. Qh2 Qf5 97. f4 Qh5 98. Ra8 Rg3 
99. Rf1 Rxe3 100. f5 Qg4 101. Qc7+ Qg7 102. Qxg7+ Kxg7 103. Kh2 Kf7 
104. Ra6 Nxd4 105. Ra7+ Kf8 106. Ra8+ Ke7 107. Ra7+ Kd8 108. Rg1 Rg3 
109. Rxg3 hxg3+ 110. Kxg3 Rxf5 111. Ra4 Rf1 112. Ng2 e3 113. Rxb4 Nf5+ 
114. Kg4 e2 115. Rb8+ Ke7 116. Rb7+ Ke6 117. Rb6+ Kd7 118. Kg5 d4 119. Rb4 d3 
120. Rb7+ Kc8 121. Rf7 d2 122. Rf8+ Kd7 123. c6+ Kxc6 124. Rf6+ Kd7 
125. Rf7+ Ne7 126. Rxf1 exf1=Q 127. Ne3 Qd3 128. b4 Qxe3+ 129. Kf6 d1=Q 
130. Kf7 Qh5+ 131. Kf8 Qeh6# 0-1

[Event "Tuesday 24 April Rapid Engine Tour 12+1 Rounds 9 Starts 1600ST"]
[Site "Infinity Chess"]
[Date "2018.4.24"]
[Round "6"]
[White "crossbones"]
[Black "blindfoldchess"]
[Result "1/2-1/2"]
[ECO "B30"]
[WhiteElo "2458"]
[BlackElo "2450"]
[WhiteEngine "Cryptic Heroes 9.4B"]
[BlackEngine "Cryptic Heroes 9.4B"]
[EventType "Swiss"]
[WhiteTeam ""]
[BlackTeam ""]
[PlyCount "78"]
[TimeControl "720+1"]

1. e4 c5 2. Nf3 Nc6 3. Bb5 e6 4. O-O Nge7 5. Ba4 g6 6. c3 Bg7 7. d4 cxd4 
8. cxd4 d5 9. e5 Bd7 10. Nc3 O-O 11. Re1 Rc8 12. Bd2 Nb4 13. Bxd7 Qxd7 
14. Bg5 h6 15. Bxe7 Qxe7 16. Qd2 Nc6 17. h3 a6 18. a3 Rc7 19. Rac1 Rfc8 
20. Ne2 b6 21. g3 Bf8 22. h4 Na5 23. Rxc7 Rxc7 24. Nf4 Qe8 25. Nh2 Qa4 
26. Ng4 Qc2 27. Nf6+ Kh8 28. Qe3 Nc4 29. Qf3 Nd2 30. Qg4 Rc8 31. Kg2 Bg7 
32. N4xd5 Qc6 33. Qf4 Bxf6 34. Qxh6+ Kg8 35. exf6 Qxd5+ 36. Kh3 Qf5+ 
37. Kg2 Qd5+ 38. Kh3 Qf5+ 39. Kg2 Qd5+ 1/2-1/2

[Event "Tuesday 24 April Rapid Engine Tour 12+1 Rounds 9 Starts 1600ST"]
[Site "Infinity Chess"]
[Date "2018.4.24"]
[Round "6"]
[White "juggernaut"]
[Black "KhalidOmar"]
[Result "1/2-1/2"]
[ECO "B50"]
[WhiteElo "2439"]
[BlackElo "2430"]
[WhiteEngine "Cryptic Heroes 9.4B"]
[BlackEngine "Eman 1.70-beta24 64-bit BMI2"]
[EventType "Swiss"]
[WhiteTeam ""]
[BlackTeam ""]
[PlyCount "110"]
[TimeControl "720+1"]

1. e4 c5 2. Nf3 d6 3. Nc3 Nf6 4. d4 cxd4 5. Nxd4 a6 6. Be3 e5 7. Nf3 Be7 
8. Bc4 O-O 9. O-O Be6 10. Bb3 Qc8 11. a4 Nc6 12. Bg5 Ne8 13. Bxe7 Nxe7 
14. Qd3 Ng6 15. Rad1 Nf4 16. Qe3 b5 17. Bxe6 Qxe6 18. axb5 axb5 19. Rd2 b4 
20. Ne2 Nxe2+ 21. Qxe2 Ra2 22. Rb1 Nc7 23. h3 Rb8 24. Qd3 Rb6 25. Nh2 Na6 
26. Qe3 Rc6 27. Qf3 b3 28. c3 Nc5 29. Qe3 f5 30. exf5 Qxf5 31. Qe1 Rca6 
32. Nf1 Qe4 33. Qd1 h6 34. Rc1 Qb7 35. Rb1 Qe4 36. Rc1 Qb7 37. Ne3 e4 
38. Rb1 Nd3 39. c4 Qb4 40. Kh2 Kh7 41. Rxd3 exd3 42. Qxd3+ Kh8 43. Nd5 Qa5 
44. Qxb3 Qd2 45. Qb8+ Kh7 46. Qf8 Ra8 47. Qxd6 Rxb2 48. Rxb2 Qxb2 49. c5 Qxf2 
50. c6 Ra1 51. Ne7 Qg1+ 52. Kg3 Qe3+ 53. Kh2 Qg1+ 54. Kg3 Qe1+ 55. Kh2 Qg1+ 
1/2-1/2

[Event "Tuesday 24 April Rapid Engine Tour 12+1 Rounds 9 Starts 1600ST"]
[Site "Infinity Chess"]
[Date "2018.4.24"]
[Round "6"]
[White "firestar"]
[Black "hafaba"]
[Result "1/2-1/2"]
[ECO "E10"]
[WhiteElo "2408"]
[BlackElo "2437"]
[WhiteEngine "Cryptic Heroes 9.4B"]
[BlackEngine "Eman 1.70-beta21 64-bit POPCNT_CTG"]
[EventType "Swiss"]
[WhiteTeam ""]
[BlackTeam ""]
[PlyCount "72"]
[TimeControl "720+1"]

1. d4 Nf6 2. c4 e6 3. Nf3 d5 4. e3 dxc4 5. Bxc4 c5 6. O-O a6 7. b3 cxd4 
8. Nxd4 Bd6 9. Bd3 O-O 10. Bb2 Qc7 11. h3 e5 12. Nf5 Bxf5 13. Bxf5 Rd8 
14. Qe2 Qe7 15. Nd2 g6 16. Bg4 Nbd7 17. Rfd1 Nxg4 18. hxg4 Nc5 19. Qf3 Nd3 
20. Bc3 Bb4 21. Bxb4 Nxb4 22. Ne4 h6 23. a3 Nc2 24. Rac1 Rxd1+ 25. Rxd1 Rd8 
26. a4 Kg7 27. Qe2 Nb4 28. f3 b6 29. Rd2 Rd5 30. Rxd5 Nxd5 31. Qd2 Qb4 
32. Qxd5 Qe1+ 33. Kh2 Qh4+ 34. Kg1 Qe1+ 35. Kh2 Qh4+ 36. Kg1 Qe1+ 1/2-1/2

[Event "Tuesday 24 April Rapid Engine Tour 12+1 Rounds 9 Starts 1600ST"]
[Site "Infinity Chess"]
[Date "2018.4.24"]
[Round "6"]
[White "Eman"]
[Black "stormbreaker990"]
[Result "1/2-1/2"]
[ECO "C55"]
[WhiteElo "2440"]
[BlackElo "2456"]
[WhiteEngine "Eman 1.70-beta25 64-bit POPCNT"]
[BlackEngine "Cryptic Heroes 9.4B"]
[EventType "Swiss"]
[WhiteTeam ""]
[BlackTeam ""]
[PlyCount "138"]
[TimeControl "720+1"]

1. e4 e5 2. Nf3 Nc6 3. Bc4 Nf6 4. d3 Be7 5. O-O O-O 6. a4 d6 7. a5 a6 8. h3 Be6 
9. Re1 Qd7 10. Bxe6 fxe6 11. c3 Nh5 12. Ra4 Rad8 13. Be3 d5 14. Nbd2 h6 
15. Qc2 Bf6 16. d4 exd4 17. cxd4 Be7 18. Ne5 Nxe5 19. dxe5 Nf4 20. exd5 Nd3 
21. Rea1 Qxd5 22. Rd4 Qb5 23. Rxd8 Bxd8 24. Ne4 Nxe5 25. Nc5 Be7 26. Nxe6 Rf6 
27. Nxc7 Rc6 28. Nxb5 Rxc2 29. Nd4 Rxb2 30. Rc1 Rb4 31. Nf5 Bf6 32. Nd6 Be7 
33. Nf5 Bf6 34. Rc8+ Kh7 35. g4 Nc4 36. Rc7 Nxe3 37. fxe3 Rb5 38. Kf2 Rxa5 
39. Rxb7 Kg6 40. Ra7 Ra4 41. Kf3 Ra1 42. Ra8 a5 43. Ra6 a4 44. Nd4 Kf7 
45. Ra7+ Kg6 46. Ne6 Kh7 47. h4 a3 48. g5 hxg5 49. hxg5 Bc3 50. Nf4 Be5 
51. Ne6 Kg6 52. Ra5 a2 53. Ke4 Bb2 54. Nf4+ Kf7 55. Ra7+ Ke8 56. Ne6 g6 
57. Nc7+ Kd7 58. Nd5+ Ke8 59. Ra6 Bc1 60. Ra8+ Kf7 61. Ra5 Bd2 62. Ra7+ Ke6 
63. Nf4+ Kd6 64. Nxg6 Bxe3 65. Kxe3 Re1+ 66. Kf4 a1=Q 67. Rxa1 Rxa1 68. Kf5 Rf1+ 
69. Nf4 Ke7 1/2-1/2